 Dungeon Sprint DCSS version 0.20-a0-268-gb6bde61 (webtiles) character file.

106 esc the Fighter (level 4, -4/58 HPs)
             Began as an Ogre Hunter on Dec 7, 2016.
             Slain by Sigmund
             ... wielding a +2 scythe of flaming
              (10 damage)
             ... in the Dungeon (Sprint I: "Red Sonja").
             The game lasted 00:00:51 (193 turns).

esc the Fighter (Ogre Hunter)                        Turns: 193, Time: 00:00:52

Health: -4/58      AC:  3    Str: 18    XL:     4   Next: 84%
Magic:  4/4        EV: 10    Int: 10    God:
Gold:   54         SH:  0    Dex: 10    Spells: 3/3 levels left

rFire  . . .     SeeInvis .     m - +0 giant spiked club
rCold  . . .     Gourm    .     b - +0 robe
rNeg   . . .     Faith    .     (shield currently unavailable)
rPois  .         Spirit   .     (helmet restricted)
rElec  .         Reflect  .     (no cloak)
rCorr  .         Harm     .     (gloves unavailable)
MR     .....     NoTele   +     (boots unavailable)
Stlth  +.........               (no amulet)
                                (no ring)
                                (no ring)

@: exhausted, slowed, very slow
A: unfitting armour, tough skin 1
a: no special abilities


You were in the Dungeon.
You were not hungry.

You visited 1 branch You collected 54 gold pieces.

Inventory:

Hand Weapons
 a - a +0 short sword
 m - a +0 giant spiked club (weapon)
   (You took it off an ogre in the Dungeon)
Missiles
 c - 4 large rocks (quivered) {!d}
 d - 2 throwing nets {=f, !d}
Armour
 b - a +0 robe (worn)
Scrolls
 k - a scroll of blinking {!r}
Potions
 e - a potion of curing
 g - a potion of heal wounds
 h - a potion of haste
 i - 2 potions of magic
Comestibles
 f - a bread ration {@e1}
 l - a chunk of flesh {@w0}


   Skills:
 + Level 8.8 Fighting
 + Level 0.0 Maces & Flails
 + Level 7.6 Throwing
 + Level 1.7 Dodging
 - Level 0.6 Stealth


You had 3 spell levels left.
You didn't know any spells.

Dungeon Overview and Level Annotations

Branches:
Dungeon (1/1)

Altars:

Annotations:
D Sigmund


Innate Abilities, Weirdness & Mutations

You are too large for most types of armour.
You have tough skin. (AC +1)


Message History

a dagger of flaming; a dyed leather armour; the goblin corpse of Ijyb You butcher the goblin corpse of Ijyb.
l - a chunk of flesh {@w0}
There is an open door, spattered with blood here.
Things that are here:
a dagger of flaming; a dyed leather armour
c - 5 large rocks {!d} (gained 1)
You start waiting.
Done waiting.
As you open the door, it creaks loudly!
An ogre comes into view. It is wielding a giant spiked club.
Unknown command.
Aim: an ogre, wielding a giant spiked club You throw a large rock {!d}.
The large rock {!d} barely misses the ogre.
The ogre hits you with a giant spiked club!
You take 8 damage, and have 36/44 hp.
Unknown command.
Aim: an ogre, wielding a giant spiked club You throw a large rock {!d}.
The large rock {!d} hits the ogre!!
You kill the ogre!
Your Fighting skill gained 3 levels and is now at level 8!
Your Throwing skill gained 2 levels and is now at level 7!
You have reached level 4!
You regained 11 hp, and now have 47/58 hp.
MP restored: 4
c - 4 large rocks {!d} (gained 1)
There is an open door, spattered with blood here.
You see here a giant spiked club.
c - 5 large rocks {!d} (gained 1)
You start resting.
Health restored: 58 As you open the door, it creaks loudly!
There is an open door here.
You now have 27 gold pieces.
You now have 54 gold pieces (gained 27).
There is an open door here.
There is an open door, spattered with blood here.
You see here a giant spiked club.
m - a giant spiked club Wield which item (- for none, * to show all)? (? for menu, Esc to quit)
m - a +0 giant spiked club (weapon)
Drop what? 13/52 slots (_ for help) (? for menu, Esc to quit)
Okay, then.
There is an open door here.
You open the door.
Sigmund the Dreaded comes into view.
He is wielding a scythe of flaming.
Aim: Sigmund, wielding a scythe of flaming and wearing a robe You throw a large rock {!d}.
The large rock {!d} barely misses Sigmund.
Sigmund points at you and mumbles some strange words.
The magic dart hits you!
Sigmund hits you from afar with a scythe of flaming.
Sigmund burns you.
You take 11 damage, and have 47/58 hp.
Unknown command.
Okay, then.
There is an open door here.
Really quaff
j - a potion of berserk rage {!q}?
A red film seems to cover your vision as you go berserk!
You feel yourself moving faster!
You feel mighty! Sigmund barely misses you.
You now have 72/87 hp.
You sock Sigmund!
Sigmund points at you and mumbles some strange words.
You are confused.
You bump into the rock wall.
You feel a strong urge to attack something.
Sigmund hits you from afar with a scythe of flaming.
Sigmund burns you.
There is an open door, spattered with blood here.
You take 9 damage, and have 63/87 hp.
You are no longer berserk.
You are exhausted.
You feel yourself slow down.
You now have 43/58 hp.
You bump into the rock wall.
Sigmund mumbles some strange words.
Sigmund flickers and vanishes!
Deactivating autopickup; reactivate with Ctrl-A.
You bump into the rock wall.
Something hits you! Something burns you.
You take 11 damage, and have 32/58 hp.
You feel less confused. Something hits you. Something burns you.
There is an open door, spattered with blood here.
You take 3 damage, and have 29/58 hp.
You barely miss something. Something hits you. Something burns you.
Something hits you! Something burns you.
You take 11 damage, and have 18/58 hp.
You completely miss something. Something hits you.
* * * LOW HITPOINT WARNING * * *
Something burns you.
* * * LOW HITPOINT WARNING * * *
Something hits you.
* * * LOW HITPOINT WARNING * * *
Something burns you.
* * * LOW HITPOINT WARNING * * *
You take 13 damage, and have 5/58 hp.
MASSIVE DAMAGE!!
You closely miss something. Something hits you!
You die...

#############
#<.#..'..#.(+
#..)..#..{..#
#..#####@####
#..# #..#
#..# ####
#..# #⌠⌠#
####


There were no monsters in sight!

Vanquished Creatures
  An ogre (D)
  Ijyb (D)
2 creatures vanquished.

Notes
Turn   | Place    | Note
-------+----------+-------------------------------------------
     0 | D        | esc the Ogre Hunter began the quest for the Orb.
     0 | D        | Reached XP level 1. HP: 22/22 MP: 1/1
     1 | D        | Noticed Ijyb
     3 | D        | Killed Ijyb
     3 | D        | Reached skill level 5 in Fighting
     3 | D        | Reached skill level 5 in Throwing
     3 | D        | Reached XP level 2. HP: 36/36 MP: 2/2
     3 | D        | Reached XP level 3. HP: 44/44 MP: 3/3
   111 | D        | Noticed an ogre
   113 | D        | Killed an ogre
   113 | D        | Reached skill level 8 in Fighting
   113 | D        | Reached skill level 7 in Throwing
   113 | D        | Reached XP level 4. HP: 47/58 MP: 4/4
   180 | D        | Noticed Sigmund
   192 | D        | HP: 14/58 [something (4)]
   192 | D        | HP: 5/58 [something (2)]
   193 | D        | Slain by Sigmund

Vault maps used:
D:        dungeon_sprint_1

Skill      XL: |  1  2  3 |
---------------+----------+-----
Fighting       | 5 8 |  8.8
Throwing       | 5 7 |  7.6
Dodging        | |  1.7
Stealth        | |  0.6

Action                   |  1- 3 |  4- 6 || total
-------------------------+-------+-------++-------
Melee: Giant spiked club |       |     4 ||     4
Throw: Large rock        |     4 |     1 ||     5
  Use: Potion            |       |     1 ||     1
Dodge: Dodged            |       |     1 ||     1

Vault maps used:
D:        dungeon_sprint_1

Table legend:
 A = Turns spent in this place as a percentage of turns spent in the entire game.
 B = Non-inter-level travel turns spent in this place as a percentage of non-inter-level travel turns spent in the entire game.
 C = Inter-level travel turns spent in this place as a percentage of turns spent in this place.
 D = Turns resting spent in this place as a percentage of non-inter-level travel turns spent in this place.
 E = Turns spent auto-exploring this place as a percentage of non-inter-level travel turns spent in this place.
 F = Non-inter-level travel turns spent in this place divided by the number of levels of this place that you've seen.
                   A       B       C       D       E      F
               +-------+-------+-------+-------+-------+----------------------
         Total | 100.0 | 100.0 |   0.0 |   7.8 |   0.0 |  51.0
       Dungeon | 100.0 | 100.0 |   0.0 |   7.8 |   0.0 |  51.0
               +-------+-------+-------+-------+-------+----------------------

Table legend:
 A = Kills in this place as a percentage of kills in entire the game.
 B = Kills by you in this place as a percentage of kills by you in the entire game.
 C = Kills by friends in this place as a percentage of kills by friends in the entire game.
 D = Other kills in this place as a percentage of other kills in the entire game.
 E = Experience gained in this place as a percentage of experience gained in the entire game.
 F = Experience gained in this place divided by the number of levels of this place that you have seen.
                   A       B       C       D       E      F
               +-------+-------+-------+-------+-------+----------------------
         Total | 100.0 | 100.0 |  -nan |  -nan | 100.0 | 152.0
       Dungeon | 100.0 | 100.0 |  -nan |  -nan | 100.0 | 152.0
               +-------+-------+-------+-------+-------+----------------------
